 Dungeon Sprint DCSS version 0.24-a0-36-gf1fd2d0 (webtiles) character file.

Game seed: 12518402168329417985

5731 tatocazan the Champion of Chaos (level 10, -2/127 HPs)
             Began as a Demonspawn Fighter on Feb 2, 2019.
             Was the Champion of Makhleb.
             Slain by a harpy (10 damage)
             ... in the Dungeon (Sprint VII: "The Pits").
             The game lasted 00:09:11 (2135 turns).

tatocazan the Champion of Chaos (DsFi)              Turns: 2135, Time: 00:09:12

Health: -2/127     AC: 18    Str: 23    XL:     10   Next: 48%
Magic:  20/20      EV: 12    Int: 13    God:    Makhleb [******]
Gold:   0          SH: 12    Dex: 14    Spells: 9/9 levels left

rFire    + . .     SeeInvis .   r - +1 trident (pierce)
rCold    + + .     Gourm    .   c - +0 shield
rNeg     . . .     Faith    .   u - +3 plate armour
rPois    +         Spirit   .   (helmet restricted)
rElec    +         Reflect  .   (no cloak)
rCorr    +         Harm     .   (no gloves)
MR       .....     NoTele   +   s - +0 pair of boots
Stlth    ..........             (no amulet)
HPRegen  0.31/turn              o - +3 ring of evasion
MPRegen  0.17/turn              b - +3 ring of intelligence

@: berserking, resistant, very quick
A: antennae 2, claws 1, talons 2, cold resistance 1
a: Minor Destruction, Lesser Servant of Makhleb, Major Destruction, Greater
Servant of Makhleb, Renounce Religion


You were in the Dungeon.
You worshipped Makhleb.
Makhleb was exalted by your worship.
You were not hungry.

You visited 1 branch

Inventory:

Hand Weapons
 r - a +1 trident of piercing (weapon)
Armour
 c - a +0 shield (worn)
 s - a +0 pair of boots (worn)
 u - a +3 plate armour (worn)
Jewellery
 b - a +3 ring of intelligence (right claw)
 o - a +3 ring of evasion (left claw)
Wands
 a - a wand of random effects (11)
Scrolls
 m - 3 scrolls of remove curse
 n - 5 scrolls of amnesia
Potions
 d - a potion of might
 e - 5 potions of curing
 h - 3 potions of haste
 i - 4 potions of magic
 p - 2 potions of resistance
 t - a potion of mutation
Comestibles
 f - 8 rations


   Skills:
 + Level 10.2 Fighting
 + Level 12.3 Polearms
 + Level 9.5 Armour
 + Level 7.1 Dodging
 + Level 9.4 Shields
 + Level 13.7 Invocations


You had 9 spell levels left.
You didn't know any spells.
Your spell library was empty.

Dungeon Overview and Level Annotations

Branches:
Dungeon (1/1)

Altars:
Ashenzari
Cheibriados
Dithmenos
Elyvilon
Fedhas
Gozag
Hepliaklqana
Kikubaaqudgha
Makhleb
Nemelex Xobeh
Okawaru
Qazlal
Ru
Sif Muna
Trog
Uskayaw
Vehumet
Wu Jian
Xom
Yredelemnul
Zin
The Shining One
Beogh
Jiyva
Lugonu


Innate Abilities, Weirdness & Mutations

You have a pair of antennae on your head.
You have sharp fingernails.
You have razor-sharp toenails.
Your flesh is cold resistant. (rC+)


Message History

Your life force feels restored.
Your Dodging skill increases to level 7!
You block the harpy's attack. x2; The hell rat closely misses you.
The harpy claws you!
* * * LOW HITPOINT WARNING * * *
The harpy closely misses you.
You take 3 damage, and have 16/127 hp.
The polar bear bites you but does no damage.
The polar bear claws you but does no damage. x2
The harpy claws you.
* * * LOW HITPOINT WARNING * * *
The harpy claws you.
* * * LOW HITPOINT WARNING * * *
Things that are here:
a +0 dagger; a +0 robe; a harpy corpse You take 8 damage, and have 8/127 hp.
You puncture the harpy!
The harpy is moderately wounded.
The harpy claws you!
You die...

.....##..#..#####.##...##+## #.#.
.....##.)#....##...#...#...#fG...
.....##..'....)#...#...#...#.{.
#######..'.).)('...'...'...'.
#######..'.....#...#...#...#
#...[##..#....##...#...#...#
#..[[##..#..#####.##...##'##
'..))##..####...#h######...#
#..))##..##.....@H...))).#..#
#..))##..#.......Hr(.)).###..#
######################### ###


You could see a polar bear, 2 harpies and a hell rat.

Vanquished Creatures
  A harpy (D)
  A deep elf mage (D)
  A necromancer (D)
  An orc sorcerer (D)
  A manticore (D)
  A black mamba (D)
  A hellwing (D)
  3 kobold demonologists (D)
  A freezing wraith (D)
  A blink frog (D)
  A flying skull (D)
  Sigmund (D)
  2 vampires (D)
  A fire bat (D)
  2 steam dragons (D)
  A soldier ant (D)
  A floating eye (D)
  A black bear (D)
  A phantom (D)
  A wolf (D)
  2 big kobolds (D)
  A bullfrog (D)
  3 wights (D)
  A quasit (D)
  A gnoll shaman (D)
  A worker ant (D)
  3 gnolls (D)
  A river rat (D)
  A white imp (D)
  An ufetubus (D)
  2 oozes (D)
  2 adder skeletons (D)
  A worm (D)
  An adder simulacrum (D)
  A ball python (D)
  2 bats (D)
  A bat zombie (D)
  A goblin (D)
  A hobgoblin (D)
  3 jackals (D)
  3 kobolds (D)
  A frilled lizard (D)
  A giant cockroach zombie (D)
  A leopard gecko zombie (D)
  A quokka skeleton (D)
61 creatures vanquished.

Vanquished Creatures (others)
  A gnoll (D)
1 creature vanquished.

Grand Total: 62 creatures vanquished

Notes
Turn   | Place    | Note
-------+----------+-------------------------------------------
     0 | D        | tatocazan the Demonspawn Fighter began the quest for the
                  | Orb.
     0 | D        | Reached XP level 1. HP: 18/18 MP: 1/1
     9 | D        | Noticed a floating eye
    12 | D        | Killed a floating eye
    12 | D        | Reached skill level 5 in Polearms
    12 | D        | Gained mutation: You have a pair of small antennae on your
                  | head. [demonic ancestry]
    12 | D        | Reached XP level 2. HP: 26/26 MP: 2/2
    12 | D        | Reached XP level 3. HP: 32/32 MP: 3/3
    12 | D        | Gained mutation: You have a pair of antennae on your head.
                  | [demonic ancestry]
    12 | D        | Reached XP level 4. HP: 38/38 MP: 4/4
    16 | D        | Found a bloodstained altar of Trog.
    16 | D        | Found a deep blue altar of Sif Muna.
    16 | D        | Found a viscous altar of Jiyva.
    16 | D        | Found a hazy altar of Hepliaklqana.
    16 | D        | Found an opulent altar of Gozag.
    17 | D        | Found a glowing golden altar of the Shining One.
    17 | D        | Found a glowing silver altar of Zin.
    17 | D        | Found a basalt altar of Yredelemnul.
    17 | D        | Found a shimmering altar of Xom.
    17 | D        | Found an ornate altar of the Wu Jian Council.
    17 | D        | Found a sacrificial altar of Ru.
    17 | D        | Found a stormy altar of Qazlal.
    17 | D        | Found an iron altar of Okawaru.
    17 | D        | Found a sparkling altar of Nemelex Xobeh.
    17 | D        | Found a burning altar of Makhleb.
    17 | D        | Found a blossoming altar of Fedhas.
    17 | D        | Found a white marble altar of Elyvilon.
    17 | D        | Found a shadowy altar of Dithmenos.
    17 | D        | Found a snail-covered altar of Cheibriados.
    18 | D        | Found a radiant altar of Vehumet.
    18 | D        | Found a corrupted altar of Lugonu.
    18 | D        | Found a roughly hewn altar of Beogh.
    19 | D        | Found a hide-covered altar of Uskayaw.
    19 | D        | Found an ancient bone altar of Kikubaaqudgha.
    19 | D        | Found a shattered altar of Ashenzari.
    25 | D        | Became a worshipper of Makhleb the Destroyer
    88 | D        | Reached * piety under Makhleb
   103 | D        | Reached skill level 5 in Fighting
   106 | D        | Reached ** piety under Makhleb
   186 | D        | Noticed a black bear
   186 | D        | Noticed a bullfrog
   195 | D        | Reached XP level 5. HP: 43/44 MP: 5/5
   203 | D        | Reached *** piety under Makhleb
   203 | D        | Reached skill level 5 in Armour
   203 | D        | Reached skill level 5 in Shields
   210 | D        | Killed a black bear
   210 | D        | Gained mutation: You have sharp fingernails. [demonic
                  | ancestry]
   210 | D        | Reached XP level 6. HP: 39/53 MP: 6/6
   215 | D        | Reached **** piety under Makhleb
   364 | D        | Noticed a blink frog
   375 | D        | Killed a blink frog
   431 | D        | Noticed a flying skull
   431 | D        | Noticed Sigmund
   450 | D        | Killed Sigmund
   450 | D        | Gained mutation: Your flesh is cold resistant. (rC+)
                  | [demonic ancestry]
   450 | D        | Reached XP level 7. HP: 48/61 MP: 7/7
   467 | D        | Killed a flying skull
   467 | D        | Reached ***** piety under Makhleb
   467 | D        | Reached skill level 10 in Polearms
   521 | D        | Noticed a deep elf mage
   521 | D        | Noticed a manticore
   534 | D        | Killed a manticore
   534 | D        | Gained mutation: You have sharp toenails. [demonic
                  | ancestry]
   534 | D        | Reached XP level 8. HP: 70/70 MP: 8/8
   538 | D        | Killed a deep elf mage
   807 | D        | Noticed an orc sorcerer
   815 | D        | Paralysed by an orc sorcerer for 2 turns
   819 | D        | Noticed an orange demon
   821 | D        | Paralysed by an orc sorcerer for 4 turns
   827 | D        | Killed an orc sorcerer
   827 | D        | Reached XP level 9. HP: 78/78 MP: 9/9
  1008 | D        | Reached ****** piety under Makhleb
  1034 | D        | Reached skill level 10 in Fighting
  1034 | D        | Reached skill level 2 in Invocations
  1043 | D        | Noticed a necromancer
  1043 | D        | Noticed a freezing wraith
  1075 | D        | Killed a necromancer
  1075 | D        | Reached skill level 6 in Invocations
  1126 | D        | Killed a freezing wraith
  1126 | D        | Reached skill level 8 in Invocations
  1453 | D        | Noticed a hellwing
  1476 | D        | Killed a hellwing
  1476 | D        | Reached skill level 9 in Invocations
  1482 | D        | Noticed a kobold demonologist
  1482 | D        | Noticed a kobold demonologist
  1482 | D        | Noticed a kobold demonologist
  1482 | D        | Noticed a black mamba
  1490 | D        | Killed a black mamba
  1490 | D        | Reached skill level 5 in Dodging
  1490 | D        | Reached skill level 10 in Invocations
  1493 | D        | Killed a kobold demonologist
  1493 | D        | Reached skill level 11 in Invocations
  1493 | D        | Gained mutation: You have razor-sharp toenails. [demonic
                  | ancestry]
  1493 | D        | Reached XP level 10. HP: 83/85 MP: 16/18
  1506 | D        | Noticed a sixfirhy
  1511 | D        | Noticed an orange demon
  1517 | D        | Reached skill level 12 in Invocations
  1562 | D        | Reached skill level 13 in Invocations
  2098 | D        | Noticed a harpy
  2100 | D        | Noticed a harpy
  2100 | D        | Noticed a harpy
  2102 | D        | Noticed an eye of devastation
  2133 | D        | Killed a harpy
  2135 | D        | Slain by a harpy

Vault maps used:
D:        pitsprint

Skill      XL: |  1  2  3  4  5  6  7  8  9 10 |
---------------+-------------------------------+-----
Fighting       | 4 5 6 7 8 9 10 | 10.2
Polearms       | 5 6 7 9 10 11 12 | 12.3
Armour         | 4 5 7 8 9 |  9.5
Shields        | 4 5 7 8 9 |  9.4
Invocations    | 11 13 | 13.7
Dodging        | 5 7 |  7.1

Action                   |  1- 3 |  4- 6 |  7- 9 | 10-12 || total
-------------------------+-------+-------+-------+-------++-------
Melee: Trident           |     2 |    97 |   152 |   147 ||   398
Evoke: Wand              |       |       |     2 |       ||     2
  Use: Scroll            |       |     1 |     1 |       ||     2
       Potion            |       |     1 |    13 |     6 ||    20
  Eat: Chunk             |       |       |     1 |       ||     1
       Ration            |       |       |       |     1 ||     1
Armor: Scale mail        |       |    25 |       |       ||    25
       Chain mail        |       |    29 |    13 |       ||    42
       Plate armour      |       |       |   129 |   156 ||   285
Dodge: Dodged            |       |    29 |    57 |   141 ||   227
Block: Shield            |       |    58 |    86 |   174 ||   318

Table legend:
 A = Non-vault XP
 B = Vault XP
 C = Vault XP percentage of total XP
 D = Non-vault monster count
 E = Vault monster count
 F = Vault count percentage of total count
                 A         B        C        D         E       F
            +---------+---------+-------+---------+---------+-------
      Total |       0 |    8188 | 100.0 |       0 |      61 | 100.0
            +---------+---------+-------+---------+---------+-------
          D |       0 |    8188 | 100.0 |       0 |      61 | 100.0
            +---------+---------+-------+---------+---------+-------
